 Dungeon Crawl Stone Soup version 0.30.1-4-g462c640d31 (webtiles) character file.

Game seed: 12102165512528525583

15766 rvierbuc the Slicer (level 12, -6/141 HPs)
             Began as a Demonspawn Berserker on Aug 22, 2023.
             Was a Priest of Trog.
             Mangled by a skeletal warrior
             ... wielding a +0 mace
              (8 damage)
             ... on level 12 of the Dungeon.
             The game lasted 00:45:16 (10239 turns).

rvierbuc the Slicer (Demonspawn Berserker)         Turns: 10239, Time: 00:45:17

Health: -6/141     AC: 12    Str: 21    XL:     12   Next: 4%
Magic:  12/12      EV: 14    Int: 14    God:    Trog [***...]
Gold:   713        SH:  0    Dex: 13    Spells: 11/11 levels left

rFire   + . .        r - +9 dagger "Wanoschia" {freeze, rPois Int+4}
rCold   . . .        (no shield)
rNeg    . . .        V - +0 ring mail {rF+}
rPois   +            W - +2 hat
rElec   .            j - +0 cloak
rCorr   .            (no gloves)
SInv    +            c - +0 pair of boots
Will    .....        o - amulet of magic regeneration Stlth
                     s - ring of see invisible
HPRegen 0.43/turn    (no ring)
MPRegen 0.53/turn

%: no passive effects
@: berserking, very quick
A: antennae 1, demonic guardian 3, powered by death 1
a: Renounce Religion, Berserk, Trog's Hand


You were on level 12 of the Dungeon.
You worshipped Trog.
Trog was most pleased with you.
You visited 1 branch of the dungeon, and saw 12 of its levels.

You collected 713 gold pieces.

Inventory:

Hand Weapons
 m - a +2 hand axe
 r - the +9 dagger "Wanoschia" (weapon) {freeze, rPois Int+4}
   (You found it on level 2 of the Dungeon)

   Int:       It affects your intelligence (+4).
   rPois:     It protects you from poison.
 N - a +0 battleaxe
 P - a +5 dire flail
 Q - a +3 eveningstar of pain
 T - a +3 rapier
 U - a +0 demon whip of venom
Missiles
 b - 23 poisoned darts (quivered)
 u - a throwing net
 O - a curare-tipped dart
Armour
 c - a +0 pair of boots (worn)
 j - a +0 cloak (worn)
 L - a scarf of repulsion
 V - a +0 ring mail of fire resistance (worn)
 W - a +2 hat (worn)
Jewellery
 l - a +6 ring of intelligence
 o - an amulet of magic regeneration (around neck)
 s - a ring of see invisible (left hand)
 C - an amulet of the acrobat
 H - an amulet of faith
 R - a ring of protection from cold
Wands
 a - a wand of acid (5)
 w - a wand of digging (5)
 S - a wand of polymorph (9)
 X - a wand of charming (10)
 Z - a wand of iceblast (4)
Scrolls
 d - a scroll of enchant armour {unknown}
 e - 5 scrolls of teleportation
 h - a scroll of torment {unknown}
 n - 6 scrolls of amnesia
 v - a scroll of summoning {unknown}
 y - 2 scrolls of immolation
 D - 2 scrolls of fog
 E - 2 scrolls of blinking
 G - 3 scrolls of vulnerability {unknown}
 K - 3 scrolls of noise {unknown}
 M - 2 scrolls of poison
 Y - 3 scrolls of fear {unknown}
Potions
 f - 2 potions of might
 g - a potion of brilliance {unknown}
 i - 5 potions of resistance {unknown}
 k - 4 potions of lignification {unknown}
 p - 3 potions of attraction {unknown}
 q - 4 potions of mutation {unknown}
 t - 6 potions of heal wounds {unknown}
 x - 3 potions of haste {unknown}
 z - a potion of cancellation {unknown}
 A - 4 potions of curing {unknown}
 B - 6 potions of flight {unknown}
 F - 2 potions of magic {unknown}
 I - 2 potions of degeneration {unknown}
 J - a potion of invisibility {unknown}


   Skills:
 + Level 8.8 Fighting
 - Level 10.0 Short Blades
 + Level 4.5 Maces & Flails
 + Level 1.0 Throwing
 + Level 10.0 Armour
 + Level 7.2 Dodging
 + Level 4.1 Stealth


You had 11 spell levels left.
You didn't know any spells.
Your spell library was empty.

Dungeon Overview and Level Annotations

Branches:
Dungeon (12/15)            Temple (0/1) D:4            Lair (0/5) D:10
    Orc (0/2) D:10

Altars:
Ashenzari
Dithmenos
Fedhas
Gozag
Kikubaaqudgha
Makhleb
Okawaru
Qazlal
Sif Muna
Trog
Uskayaw
Xom

Shops:
D:3 =   D:6 *

Annotations:
D:8 3 runed translucent doors, cdecastro's ghost, novice DrTm
D:9 2 runed translucent doors, Esekla's ghost, novice DENe
D:10 3 runed translucent doors, SirLogeyBear's ghost, journeyman HOBe; zzuzz's ghost, novice FeFE


Innate Abilities, Weirdness & Mutations

You have a pair of small antennae on your head.
A powerful demonic guardian rushes to your aid.
You regenerate a little health from kills.


Message History

Your ogre goes berserk!
You can no longer call in reinforcements.
The skeletal warrior hits you but does no damage.
The skeletal warrior attacks as you move away!
The skeletal warrior hits you with a +0 mace.
* * * LOW HITPOINT WARNING * * *
The skeletal warrior attacks as you move away!
The skeletal warrior hits you but does no damage.
The skeletal warrior misses you.
Your ogre barely misses the skeletal warrior.
The skeletal warrior hits you from afar with a +0 trident!
* * * LOW HITPOINT WARNING * * *
A demonic guardian appears!
Your ogre hits the skeletal warrior with a +0 giant spiked club!!
The skeletal warrior hits your ogre with a +0 trident!!
A red film seems to cover your vision as you go berserk!
You feel yourself moving faster!
You feel mighty!
Your ogre closely misses the skeletal warrior.
The skeletal warrior hits you with a +0 war axe!
* * * LOW HITPOINT WARNING * * *
The skeletal warrior completely misses your ogre.
The skeletal warrior hits your ogre with a +0 trident!
The skeletal warrior hits you with a +0 mace!
* * * LOW HITPOINT WARNING * * *
Your reaper hits the skeletal warrior from afar with a +2 scythe of venom!
You puncture the skeletal warrior! You freeze the skeletal warrior.
The skeletal warrior is moderately damaged.
You hit the skeletal warrior. You freeze the skeletal warrior.
The skeletal warrior is moderately damaged.
Your ogre closely misses the skeletal warrior.
You are too berserk!
You barely miss the skeletal warrior.
The skeletal warrior is moderately damaged.
The skeletal warrior completely misses you.
The skeletal warrior closely misses your ogre.
The skeletal warrior hits your ogre with a +0 trident!!
Your ogre dies!
Your ogre's corpse disappears in a puff of smoke!
The skeletal warrior hits you with a +0 mace!
You die...

### ... # ... .#
#.. ..#
#..########..#
#............#
#....z§z@....#
#......z.....#
#......=2....#
#............#
#............#
#..#
#............###
#..#
#...............
#..#
#...........####
#..#
#.......|...#


You could see 3 skeletal warriors and a friendly reaper (summoned).

Vanquished Creatures
  Gastronok (D:9)
  Erica (D:8)
  A boulder beetle (D:11)
  Urug (D:12)
  A two-headed ogre (D:9)
  A death yak (D:10)
  Amaemon (D:7)
  Pikel (D:9)
  A cyclops (D:11)
  A manticore (D:12)
  An elephant (D:10)
  Joseph (D:10)
  An orange demon (D:8)
  3 trolls
  A wyvern (D:9)
  Eustachio (D:6)
  3 slime creatures (D:12)
  8 yaks
  A wraith (D:9)
  2 basilisks (D:10)
  2 steam dragons
  Duvessa (D:6)
  2 water moccasins
  3 ice beasts
  6 black bears
  2 sky beasts (D:7)
  3 orc warriors
  3 ogres
  2 centaurs
  A phantom (D:5)
  A kobold brigand (D:7)
  5 bullfrogs
  Blork the orc (D:6)
  A scorpion (D:5)
  14 wights
  Dowan (D:6)
  2 howler monkeys (D:9)
  3 jellies
  5 orc priests
  5 hounds
  Crazy Yiuf (D:2)
  4 iguanas
  5 scorpion zombies (D:4)
  A sleepcap (D:5)
  Terence (D:2)
  10 orc wizards
  A hound skeleton (D:4)
  A howler monkey skeleton (D:4)
  A gnoll (D:1)
  5 adders
  2 shadow imps
  3 white imps
  2 ufetubi (D:5)
  An adder skeleton (D:4)
  2 worms
  20 orcs
  8 ball pythons
  5 bats
  6 endoplasms
  4 giant cockroaches
  8 goblins
  6 hobgoblins
  4 jackals
  5 quokkas
  4 frilled lizards
  7 kobolds
  A rat (D:2)
213 creatures vanquished.

Vanquished Creatures (collateral kills)
  Grinder (D:6)
  A vampire (D:11)
  6 yaks
  A centaur (D:9)
  An orc wizard (D:8)
  An adder (D:2)
  An endoplasm (D:2)
12 creatures vanquished.

Vanquished Creatures (others)
  A wizard (D:10)
  A human (D:4)
  An orc wizard (D:7)
  An orc (D:7)
4 creatures vanquished.

Grand Total: 229 creatures vanquished

Notes
Turn   | Place    | Note
-------+----------+-------------------------------------------
     0 | D:1      | rvierbuc the Demonspawn Berserker began the quest for the
                  | Orb.
     0 | D:1      | Reached XP level 1. HP: 18/18 MP: 1/1
    70 | D:1      | Gained mutation: A weak demonic guardian rushes to your
                  | aid. [demonic ancestry]
    70 | D:1      | Reached XP level 2. HP: 11/24 MP: 2/2
   859 | D:2      | Reached XP level 3. HP: 20/29 MP: 3/3
   952 | D:2      | Noticed Terence
   966 | D:2      | Killed Terence
  1084 | D:2      | Reached XP level 4. HP: 27/36 MP: 4/4
  1126 | D:2      | Reached ** piety under Trog
  1268 | D:2      | Identified the +9 dagger "Wanoschia" {freeze, rPois Int+4}
  1575 | D:2      | Found a runed translucent door.
  1576 | D:2      | Noticed Crazy Yiuf
  1585 | D:2      | Killed Crazy Yiuf
  1757 | D:3      | Noticed an ice beast
  1775 | D:3      | Killed an ice beast
  1776 | D:3      | Reached skill level 1 in Stealth
  1776 | D:3      | Gained mutation: A demonic guardian rushes to your aid.
                  | [demonic ancestry]
  1776 | D:3      | Reached XP level 5. HP: 15/42 MP: 5/5
  1985 | D:3      | Found a hide-covered altar of Uskayaw.
  2060 | D:3      | Found Yrphergh's Jewellery Shoppe.
  2302 | D:4      | Reached XP level 6. HP: 42/48 MP: 6/6
  2409 | D:4      | Found a staircase to the Ecumenical Temple.
  2444 | D:4      | Found a stormy altar of Qazlal.
  2455 | D:4      | Reached skill level 1 in Short Blades
  2457 | D:4      | Reached *** piety under Trog
  2802 | D:4      | Found an ancient bone altar of Kikubaaqudgha.
  2802 | D:4      | Noticed a human
  2805 | D:4      | Killed a human
  2826 | D:4      | Reached XP level 7. HP: 54/54 MP: 7/7
  3027 | D:5      | Entered Level 5 of the Dungeon
  3033 | D:5      | Found an iron altar of Okawaru.
  3145 | D:5      | Found a burning altar of Makhleb.
  3449 | D:5      | Gained mutation: You regenerate a little health from kills.
                  | [demonic ancestry]
  3449 | D:5      | Reached XP level 8. HP: 61/61 MP: 8/8
  3766 | D:5      | Found an opulent altar of Gozag.
  4077 | D:6      | Noticed Dowan
  4078 | D:6      | Noticed Duvessa
  4084 | D:6      | Killed Dowan
  4084 | D:6      | Noticed Eustachio
  4085 | D:6      | Reached skill level 5 in Fighting
  4090 | D:6      | Killed Duvessa
  4103 | D:6      | Killed Eustachio
  4104 | D:6      | Reached skill level 5 in Armour
  4211 | D:6      | Noticed Grinder
  4213 | D:6      | Found Ywemulu's Assorted Antiques.
  4220 | D:6      | Killed Grinder
  4221 | D:6      | Reached skill level 5 in Short Blades
  4322 | D:6      | Noticed Blork the orc
  4328 | D:6      | Killed Blork the orc
  4376 | D:6      | Reached XP level 9. HP: 69/69 MP: 9/9
  4857 | D:7      | Found a blossoming altar of Fedhas.
  5162 | D:7      | Reached skill level 5 in Dodging
  5398 | D:7      | Found a shimmering blue altar of Sif Muna.
  5781 | D:8      | Noticed Erica
  5797 | D:8      | Killed Erica
  5798 | D:8      | Reached skill level 1 in Throwing
  5798 | D:8      | Gained mutation: You have a pair of small antennae on your
                  | head. [demonic ancestry]
  5798 | D:8      | Reached XP level 10. HP: 73/77 MP: 10/10
  5806 | D:8      | Found a runed translucent gate.
  5807 | D:8      | Found a runed translucent gate.
  5874 | D:8      | Found a runed translucent gate.
  5876 | D:8      | Noticed cdecastro's ghost (novice DrTm)
  5877 | D:8      | Noticed a nine-headed hydra
  5880 | D:8      | Noticed Amaemon
  5881 | D:8      | Noticed an orange demon
  5913 | D:7      | Killed Amaemon
  6053 | D:8      | Killed an orange demon
  6747 | D:9      | Noticed Gastronok
  6762 | D:9      | Killed Gastronok
  6875 | D:9      | Noticed a two-headed ogre
  6879 | D:9      | Killed a two-headed ogre
  7073 | D:9      | Noticed Pikel
  7094 | D:9      | Killed Pikel
  7095 | D:9      | Gained mutation: A powerful demonic guardian rushes to your
                  | aid. [demonic ancestry]
  7095 | D:9      | Reached XP level 11. HP: 84/84 MP: 11/11
  7169 | D:9      | Reached **** piety under Trog
  7328 | D:9      | Found a broken altar of Ashenzari.
  7357 | D:9      | Found a large runed translucent door.
  7358 | D:9      | Found a large runed translucent door.
  7407 | D:9      | Noticed Esekla's ghost (novice DENe)
  7783 | D:10     | Entered Level 10 of the Dungeon
  7917 | D:10     | Found a shadowy altar of Dithmenos.
  7949 | D:10     | Found a shimmering altar of Xom.
  8271 | D:10     | Noticed a death yak
  8274 | D:10     | Found a staircase to the Lair.
  8284 | D:10     | Killed a death yak
  8393 | D:10     | Found a bloodstained altar of Trog.
  8396 | D:10     | Noticed a wizard
  8402 | D:10     | Killed a wizard
  8436 | D:10     | Found a staircase to the Orcish Mines.
  8548 | D:10     | Noticed Joseph
  8560 | D:10     | Killed Joseph
  8615 | D:10     | Found a runed translucent gate.
  8616 | D:10     | Found a runed translucent gate.
  8616 | D:10     | Found a runed translucent gate.
  8623 | D:10     | Noticed zzuzz's ghost (novice FeFE)
  8623 | D:10     | Noticed SirLogeyBear's ghost (journeyman HOBe)
  9152 | D:11     | Noticed a boulder beetle
  9186 | D:11     | Killed a boulder beetle
 10090 | D:12     | Reached skill level 10 in Short Blades
 10091 | D:12     | Noticed Urug
 10118 | D:12     | Killed Urug
 10182 | D:12     | Identified the +8 short sword "Qopicwa" {antimagic, *Slow
                  | Fragile Dex+9}
 10207 | D:12     | Reached skill level 10 in Armour
 10207 | D:12     | Reached XP level 12. HP: 90/94 MP: 12/12
 10236 | D:12     | HP: 2/141 [skeletal warrior/+0 mace (7)]
 10239 | D:12     | Mangled by a skeletal warrior

Illustrated notes

Levels and vault maps discovered:
D:1:      shiori_arrival_oz, layout_loops_ring, minivault_23
D:2:      layout_basic, grunt_decor_resistance, minmay_strange_pillars,
          minmay_fountain_box, amcnicky_mini_pool_small, minmay_statues_item,
          uniq_terence, uniq_crazy_yiuf_cottage
D:3:      layout_rooms, eat_drink_and_be_merry_uskayaw, serial_shops,
          nicolae_shop_gaudy_bauble, nicolae_concentric_dashed_squares_wild,
          grunt_ministairs_14
D:4:      layout_rooms, tgw_kikubaaqudgha, mainiacjoe_overflow_chevrons,
          minmay_temple_entry_hall, serial_undead, serial_undead_b,
          serial_undead_f, serial_undead_c, serial_undead_e, serial_undead_b,
          serial_undead_c, nicolae_zen_rock_garden
D:5:      layout_basic, mainiacjoe_overflow_cross_hatched,
          kennysheep_okawaru_gauntlet, amcnicky_altar_gilded, grunt_ministairs_5
D:6:      layout_basic, serial_shops, nicolae_lakefront_shop, uniq_eustachio,
          uniq_duvessa, uniq_blork_the_orc, uniq_grinder
D:7:      layout_loops_ring, mainiacjoe_overflow_concentric_impassable,
          led_sif_book, st_stairs_5
D:8:      layout_rooms, gammafunk_ghost_hydra_chop, uniq_amaemon, uniq_erica
D:9:      layout_irregular_city, nicolae_overflow_hidden_temple,
          ebering_ghost_disaster_area, uniq_pikel, uniq_gastronok
D:10:     layout_gridville, trog_wizard, lemuel_tele_altar,
          kennysheep_little_box, david_lair_generic, orc_0_dummy,
          gammafunk_ghost_cemetery, uniq_joseph
D:11:     layout_basic
D:12:     layout_long_grid, hangedman_abyss_or_decor_clamps, drop_trap,
          uniq_urug, uniq_lodul

Skill      XL: |  1  2  3  4  5  6  7  8  9 10 11 |
---------------+----------------------------------+-----
Maces & Flails | 3 4 |  4.5
Armour         | 2 3 4 5 7 8 10 | 10.0
Dodging        | 2 3 4 5 6 7 |  7.2
Fighting       | 4 5 6 7 8 |  8.8
Stealth        | 1 2 4 |  4.1
Short Blades   | 2 4 5 7 8 10 | 10.0
Throwing       | 1 |  1.0

Action                     |  1- 3 |  4- 6 |  7- 9 | 10-12 || total
---------------------------+-------+-------+-------+-------++-------
  Melee: Mace              |    63 |    17 |       |       ||    80
         Dagger            |       |   141 |   278 |   430 ||   849
         Punch             |       |     1 |     5 |    10 ||    16
  Throw: Dart              |       |     3 |     3 |       ||     6
 Invoke: Berserk           |     1 |     1 |    12 |    17 ||    31
         Brothers in Arms  |       |       |       |     1 ||     1
    Use: Scroll            |       |       |       |     7 ||     7
   Stab: Sleeping          |     1 |       |       |     3 ||     4
         Distracted        |       |       |       |     2 ||     2
 Armour: Animal skin       |    14 |       |       |       ||    14
         Scale mail        |    10 |    67 |   110 |    20 ||   207
         Ring mail         |       |       |       |    73 ||    73
  Dodge: Dodged            |    36 |    70 |   121 |   161 ||   388
         Repelled          |       |       |     5 |     1 ||     6
